Map: Waterfall

Players

binski - Winner!

  • Race: Terran Terran
  • Spawn Location: 7:00

Rob

  • Race: Protoss Protoss
  • Spawn Location: 1:00

Event: DreamHack SC2 Masters 2022 Atlanta (Offline)

VOD

Have the link to the VOD?

Description

Time

  • Played on: Nov. 18, 2022, 10:23 a.m.
  • Length: 12:29

All games in this series

Show
View Real Time Build Order
Export as new Build Order

binski Terran - Winner!

Build Orders:  

Get SALT Encoding   

  12  0:00  SCV  
  13  0:12  SCV  
  14  0:17  Supply Depot  
  14  0:24  SCV  
  15  0:38  SCV  
  15  0:40  Barracks  
  16  0:45  Refinery  
  16  0:50  SCV  
  17  1:02  SCV  
  18  1:14  SCV  
  19  1:27  Reaper, Orbital Command  
  20  1:42  Supply Depot  
  20  1:44  Engineering Bay  
  20  1:45  Bunker  
  21  1:54  SCV  
  21  1:59  Marine  
  21  2:06  SCV, Factory  
  22  2:17  Marine  
  22  2:18  SCV  
  24  2:30  SCV  
  24  2:35  Command Center  
  25  2:42  Refinery, Barracks Tech Lab, SCV  
  26  2:49  Factory Tech Lab  
  26  2:54  SCV  
  27  3:06  SCV  
  27  3:10  Cyclone  
  31  3:16  Supply Depot  
  31  3:28  Barracks, Stimpack  
  31  3:30  Marine  
  31  3:38  SCV  
  31  3:39  Barracks  
  32  3:47  Marine  
  33  3:50  SCV  
  34  3:59  Siege Tank  
  34  4:02  SCV  
  38  4:08  Bunker, Marauder  
  40  4:12  Supply Depot  
  40  4:14  SCV  
  40  4:15  Orbital Command  
  41  4:20  Barracks Tech Lab  
  40  4:26  SCV, Marine  
  43  4:38  SCV  
  43  4:43  Engineering Bay, Combat Shield  
  43  4:44  Marine x2  
  45  4:47  SCV  
  45  4:50  SCV  
  47  4:58  Refinery  
  47  4:59  Supply Depot, SCV  
  48  5:01  Siege Tank  
  48  5:02  SCV  
  52  5:09  Barracks Reactor  
  52  5:16  Missile Turret  
  52  5:20  Supply Depot  
  51  5:22  Marauder x2  
  51  5:26  Bunker  
  51  5:27  SCV  
  56  5:30  SCV  
  56  5:33  Concussive Shells  
  56  5:35  Terran Infantry Weapons Level 1  
  57  5:39  SCV  
  57  5:42  SCV  
  59  5:45  Marauder  
  59  5:48  Marine  
  59  5:49  Supply Depot, Marine  
  63  5:51  Factory Reactor  
  63  5:53  SCV  
  64  5:58  Marauder  
  64  6:00  SCV  
  67  6:04  Refinery  
  67  6:06  Marine  
  67  6:07  Supply Depot  
  67  6:08  Marauder  
  71  6:11  SCV  
  71  6:13  SCV  
  71  6:17  Marine  
  71  6:18  Starport  
  73  6:20  Marauder  
  73  6:23  SCV  
  73  6:24  Marine  
  77  6:26  SCV  
  77  6:31  Supply Depot  
  77  6:32  Marauder  
  80  6:34  Marine  
  80  6:35  SCV  
  80  6:39  SCV  
  80  6:41  Marauder  
  80  6:44  Factory Reactor  
  80  6:45  Marine  
  82  6:47  SCV  
  82  6:52  Marine  
  82  6:53  Marauder  
  83  7:02  Marauder  
  83  7:06  Command Center  
  83  7:07  SCV x2  
  87  7:12  Supply Depot, Medivac  
  87  7:13  Medivac  
  87  7:15  Marauder  
  93  7:19  SCV  
  93  7:20  SCV  
  94  7:23  Marine  
  94  7:24  Marauder  
  94  7:25  Marine  
  94  7:26  Widow Mine  
  100  7:32  SCV x2  
  100  7:36  Marauder  
  104  7:38  Barracks  
  104  7:40  Terran Infantry Armor Level 1  
  104  7:42  Barracks  
  104  7:44  SCV x2  
  105  7:45  Marine  
  103  7:52  Medivac, Widow Mine x2  
  109  8:00  Supply Depot, Medivac  
  109  8:01  SCV x2  
  113  8:08  Armory  
  113  8:13  SCV  
  113  8:14  SCV  
  113  8:15  Marine x2  
  117  8:25  SCV  
  117  8:26  SCV  
  100  8:36  Orbital Command  
  100  8:38  Barracks Reactor, Marauder x2  
  100  8:39  Barracks Tech Lab, Marine x2  
  100  8:41  Medivac, Widow Mine x2  
  109  8:42  SCV  
  109  8:46  Medivac  
  112  8:56  Bunker, Marine x2  
  112  8:58  Refinery  
  112  8:59  Marauder  
  112  9:00  Marauder  
  117  9:03  Marauder  
  117  9:08  Ghost Academy, SCV  
  119  9:14  Medivac, Widow Mine x2, Marine  
  119  9:16  SCV x2  
  128  9:22  Marauder x2, Marine  
  132  9:29  Marauder, Marine x2  
  132  9:32  SCV x2  
  132  9:34  Terran Infantry Weapons Level 2  
  132  9:37  Marine  
  129  9:42  SCV  
  129  9:43  Marauder x2, Marine  
  129  9:47  Marine x2  
  129  9:51  Marauder  
  131  9:53  Missile Turret  
  131  9:55  SCV, Marine  
  128  10:00  SCV  
  128  10:01  SCV, Marine  
  128  10:04  Engineering Bay, Marauder, Marine  
  128  10:05  Marine x2  
  132  10:10  Supply Depot  
  129  10:18  Missile Turret  
  129  10:19  Marauder, Marine x2  
  129  10:21  Medivac, Widow Mine x2  
  131  10:24  Medivac  
  134  10:33  Supply Depot  
  134  10:34  Marine x2  
  134  10:35  Marauder, Marine  
  139  10:39  Supply Depot  
  139  10:45  Refinery  
  139  10:50  Marine x2  
  139  10:51  Marauder  
  139  10:53  Marauder  
  139  10:56  Marine  
  146  10:57  Marauder  
  140  11:09  Marine x2  
  133  11:12  Marauder  
  133  11:13  Marine  
  133  11:14  Marauder, Marine  
  133  11:18  Marauder  
  133  11:24  Command Center  
  132  11:27  Marine x2  
  132  11:31  Marine  
  126  11:34  Marauder  
  126  11:35  Ghost  
  126  11:37  Marine  
  126  11:39  Marauder  
  124  11:42  Widow Mine  
  124  11:45  Marine x2  
  124  11:46  Medivac  
  130  11:48  Marine  
  131  11:55  Marauder  
  131  11:56  Marine  
  131  12:01  Widow Mine, Marauder  
  141  12:02  Marine  
  141  12:04  Marauder, Marine  
  141  12:06  Marine  
Show
View Real Time Build Order
Export as new Build Order

Rob Protoss 

Build Orders: Blink Stalkers 

Get SALT Encoding   

  12  0:00  Probe  
  13  0:12  Probe  
  14  0:18  Pylon  
  14  0:24  Probe (Chrono Boost)  
  15  0:36  Probe (Chrono Boost)  
  15  0:38  Gateway  
  16  0:44  Probe (Chrono Boost)  
  16  0:48  Assimilator  
  17  0:51  Probe  
  18  1:00  Gateway  
  18  1:03  Probe  
  19  1:24  Cybernetics Core  
  19  1:45  Probe  
  20  2:01  Adept (Chrono Boost)  
  23  2:05  Adept (Chrono Boost)  
  23  2:08  Nexus  
  23  2:11  Pylon  
  23  2:14  Warp Gate  
  23  2:20  Assimilator  
  23  2:36  Adept x2  
  26  2:46  Probe  
  27  2:56  Twilight Council  
  27  2:58  Probe  
  27  3:10  Probe (Chrono Boost)  
  27  3:22  Probe (Chrono Boost)  
  27  3:24  Probe (Chrono Boost)  
  29  3:30  Probe (Chrono Boost)  
  29  3:31  Probe (Chrono Boost)  
  31  3:35  Blink (Chrono Boost)  
  31  3:36  Probe x2 (Chrono Boost)  
  33  3:48  Probe x2  
  33  4:00  Probe  
  33  4:01  Probe  
  33  4:03  Stalker  
  33  4:04  Stalker  
  37  4:12  Probe  
  37  4:13  Probe  
  39  4:21  Gateway  
  39  4:25  Probe  
  39  4:26  Probe  
  39  4:37  Probe  
  39  4:38  Probe  
  41  4:39  Stalker x2  
  43  4:46  Gateway  
  43  4:49  Probe  
  43  4:50  Probe  
  45  4:57  Gateway  
  45  4:59  Gateway  
  45  5:01  Probe  
  45  5:05  Pylon  
  46  5:18  Pylon  
  46  5:23  Stalker x3  
  46  5:28  Probe  
  53  5:30  Pylon  
  53  5:40  Nexus  
  53  5:43  Stalker  
  53  5:46  Probe x2  
  57  5:51  Charge (Chrono Boost)  
  57  5:54  Stalker x2  
  61  6:00  Probe (Chrono Boost)  
  63  6:04  Probe (Chrono Boost)  
  63  6:06  Sentry  
  63  6:09  Pylon  
  63  6:10  Probe (Chrono Boost)  
  67  6:13  Probe (Chrono Boost)  
  67  6:14  Pylon  
  67  6:19  Shield Battery, Probe  
  67  6:23  Probe  
  67  6:24  Gateway  
  69  6:28  Gateway  
  69  6:35  Gateway  
  69  6:44  Zealot x3  
  75  6:48  Zealot  
  75  6:52  Shield Battery  
  77  6:57  Zealot x2  
  71  7:04  Zealot x3  
  77  7:08  Zealot  
  77  7:11  Probe x2  
  77  7:12  Probe  
  82  7:22  Zealot  
  82  7:23  Zealot x2  
  82  7:26  Zealot, Stalker  
  92  7:30  Zealot x2  
  96  7:38  Zealot x2  
  96  7:41  Pylon  
  100  7:48  Zealot x3  
  100  7:51  Stalker x2  
  98  7:55  Pylon  
  100  8:02  Dark Shrine  
  100  8:03  Stalker  
  102  8:07  Zealot x2  
  102  8:10  Zealot x2  
  108  8:18  Zealot x3  
  86  8:36  Stalker x6  
  94  8:44  Forge  
  94  8:59  Stalker x5  
  94  9:00  Zealot  
  104  9:20  Zealot x2  
  104  9:22  Pylon  
  104  9:23  Nexus  
  108  9:25  Pylon  
  90  9:46  Zealot x3  
  90  9:47  Zealot, Stalker x3  
  90  9:48  Stalker  
  90  9:51  Dark Templar  
  76  10:07  Protoss Ground Weapons Level 1 (Chrono Boost)  
  76  10:09  Zealot x4  
  84  10:21  Zealot x4  
  84  10:26  Probe x2 (Chrono Boost)  
  82  10:29  Zealot  
  82  10:31  Zealot x4  
  92  10:38  Probe x2 (Chrono Boost)  
  92  10:39  Probe (Chrono Boost)  
  95  10:45  Forge  
  95  10:46  Probe x3 (Chrono Boost)  
  95  10:47  Dark Templar  
  98  10:52  Probe  
  99  10:59  Zealot x6  
  101  11:10  Zealot x2  
  69  11:21  Zealot x7  
  65  11:40  Zealot x2  
  65  11:41  Zealot x6  
  65  11:47  Robotics Facility  
  81  11:50  Zealot  
  81  12:01  Probe x3 (Chrono Boost)  
  85  12:04  Zealot x4  
  85  12:06  Probe (Chrono Boost)  
  93  12:10  Probe x2 (Chrono Boost)  
  93  12:15  Zealot x5  
  72  12:25  Zealot  
  72  12:26  Zealot x3  
Tags
 
Add a new tag
Caveats
  • Supply blocks, unpowered buildings, or Contaminate may cause inaccurate times.
  • Supply counts are checked every 10 seconds.